 Dungeon Crawl Stone Soup version 0.31-a0-236-g9a0961fb85 (webtiles) character file.

Game seed: 6500322199537727126

81 porpoise the Shooter (level 4, 0/26 (28) HPs)
             Began as a Kobold Hunter on July 11, 2023.
             Succumbed to Crazy Yiuf's poison
             ... on level 2 of the Dungeon.
             The game lasted 00:04:43 (1975 turns).

porpoise the Shooter (Kobold Hunter)                Turns: 1975, Time: 00:04:43

HP:   0/26 (28)     AC:  3    Str:  8    XL:     4   Next: 67%
MP:   4/4           EV: 14    Int: 10    God:
Gold: 140           SH:  0    Dex: 20    Spells: 3/3 levels left

rFire   . . .        a - +0 shortbow
rCold   . . .        (shield currently unavailable)
rNeg    . . .        c - +0 leather armour
rPois   .            (no helmet)
rElec   .            (no cloak)
rCorr   .            (no gloves)
SInv    .            (no boots)
Will    .....        (no amulet)
Stlth   +++          (no ring)
HPRegen 0.24/turn    (no ring)
MPRegen 0.09/turn

%: no passive effects
@: lethally poisoned (0 -> -9), drained
A: small, no large weapons, nightstalker 3
a: no special abilities


You were on level 2 of the Dungeon.
You visited 1 branch of the dungeon, and saw 2 of its levels.

You collected 140 gold pieces.

Inventory:

Hand Weapons
 a - a +0 shortbow (weapon)
Missiles
 i - 2 boomerangs
Armour
 c - a +0 leather armour (worn)
Scrolls
 b - a scroll of butterflies
 d - 4 scrolls of identify {unknown}
 f - a scroll of fear {unknown}
 g - a scroll of enchant armour {unknown}
 m - a scroll of blinking {unknown}
Potions
 e - 2 potions of degeneration {unknown}
 h - a potion of haste {unknown}
 j - a potion of lignification {unknown}
 k - a potion of brilliance {unknown}
 l - a potion of curing {unknown}
 n - a potion of resistance {unknown}
 o - a potion of berserk rage {unknown}


   Skills:
 + Level 3.3 Fighting
 * Level 6.9 Ranged Weapons
 - Level 2.4 Dodging
 - Level 1.3 Stealth


You had 3 spell levels left.
You didn't know any spells.
Your spell library contained the following spells:

 Spells                   Type           Power      Damage    Failure   Level
 Apportation              Tloc           0%         N/A       50%         1
 Necrotise                Necr           0%         1d4       50%         1
 Summon Small Mammal      Summ           0%         N/A       50%         1


Dungeon Overview and Level Annotations

Branches:
Dungeon (2/15)

Altars:

Shops:
D:1 :

Annotations:
D:2 Sigmund


Innate Abilities, Weirdness & Mutations

You are small and have problems with some larger weapons.
You are completely attuned to the shadows.


Message History

You can't see that place. [the floor.] Placed new exclusion.
You see here a bat corpse.
Things that are here:
a +0 dagger; a +0 sling; a goblin skeleton Partly explored, can't reach some items and places.
You shoot an arrow. The arrow hits the fungus!
The fungus begins to die.
The fungus is lightly damaged.
You shoot an arrow. The arrow hits the fungus!
The fungus is lightly damaged.
You shoot an arrow. The arrow hits the fungus.
The fungus is lightly damaged.
You shoot an arrow. The arrow hits the fungus!
The fungus is lightly damaged.
You shoot an arrow. The arrow hits the fungus!
The fungus is lightly damaged.
A nearby fungus withers and dies.
Found a runed translucent door.
Found a hammer.
You open the door. You shoot an arrow. The arrow hits Crazy Yiuf!
Crazy Yiuf is moderately wounded.
You shoot an arrow. The arrow hits Crazy Yiuf.
Crazy Yiuf is heavily wounded.
You shoot an arrow. The arrow barely misses Crazy Yiuf.
Crazy Yiuf barely misses you.
You shoot an arrow. The arrow hits Crazy Yiuf.
Crazy Yiuf is almost dead.
Crazy Yiuf hits you with a +3 quarterstaff of chaos.
You are poisoned.
You shoot an arrow. The arrow barely misses Crazy Yiuf.
You feel very sick.
Crazy Yiuf hits you with a +3 quarterstaff of chaos!
Ouch! That really hurt!
* * * LOW HITPOINT WARNING * * *
You feel drained.
You shoot an arrow. The arrow hits Crazy Yiuf.
You kill Crazy Yiuf!
You die...

#.##########..##.....#
#.........###.####.###
#########.# #.# ##.#
### ### #..### #.....
####.#### ## ####....#
)..### ##P#...#.#
...)@####.P....#.#
...##..#.PP...##.# ##
###.#..#.###.#
##########.####
#........ #### ###
####..... #..###.#
#.)...# #.#.#.##
#.###.# #.##.## #.#
#.#


There were no monsters in sight!

Vanquished Creatures
  Crazy Yiuf (D:2)
  Jessica (D:2)
  2 adders (D:2)
  A dart slug (D:2)
  2 worms (D:2)
  A ball python (D:2)
  2 endoplasms
  3 giant cockroaches (D:2)
  5 goblins
  2 hobgoblins
  A quokka (D:2)
  A bat (D:2)
  2 frilled lizards
  3 kobolds
  5 rats
32 creatures vanquished.

Notes
Turn   | Place    | Note
-------+----------+-------------------------------------------
     0 | D:1      | porpoise the Kobold Hunter began the quest for the Orb.
     0 | D:1      | Reached XP level 1. HP: 12/12 MP: 1/1
   307 | D:1      | Reached XP level 2. HP: 18/18 MP: 2/2
   472 | D:1      | Found Toushuf's Book Shop.
  1070 | D:2      | Reached skill level 6 in Ranged Weapons
  1144 | D:2      | Noticed Jessica
  1150 | D:2      | Killed Jessica
  1151 | D:2      | Reached XP level 3. HP: 4/23 MP: 3/3
  1282 | D:2      | Reached XP level 4. HP: 28/28 MP: 4/4
  1830 | D:2      | Noticed Sigmund
  1965 | D:2      | Found a runed translucent door.
  1968 | D:2      | Noticed Crazy Yiuf
  1975 | D:2      | Killed Crazy Yiuf
  1975 | D:2      | Succumbed to Crazy Yiuf's poison

Illustrated notes

Levels and vault maps discovered:
D:1:      evilmike_arrival_hilbert_curve, layout_loops_corners, serial_shops,
          nicolae_lakefront_shop, minmay_misc_feat_secret_circle
D:2:      layout_loops_ring, uniq_jessica, uniq_sigmund, uniq_crazy_yiuf_cottage

Skill      XL: |  1  2 |
---------------+-------+-----
Ranged Weapons | 6 |  6.9
Fighting       | 3 |  3.3
Dodging        | |  2.4
Stealth        | |  1.3

Action                     |  1- 3 |  4- 6 || total
---------------------------+-------+-------++-------
   Fire: Shortbow          |    40 |    50 ||    90
 Armour: Leather armour    |     2 |     3 ||     5
  Dodge: Dodged            |    18 |    10 ||    28

Table legend: (Time is in decaauts)
 A = Elapsed time spent in this place.
 B = Non-inter-level travel time spent in this place.
 C = Inter-level travel time spent in this place.
 D = Time resting spent in this place.
 E = Time spent auto-exploring this place.
 F = Levels seen in this place.
 G = Mean time per level.
                   A        B        C        D        E       F      G
               +--------+--------+--------+--------+--------+-----+--------+
         Total |   1987 |   1945 |     42 |    135 |   1628 |   2 |  993.5 |
       Dungeon |   1987 |   1945 |     42 |    135 |   1628 |   2 |  993.5 |
               +--------+--------+--------+--------+--------+-----+--------+

Top non-repeatable levels by time:
     D:1: 994 daAuts
     D:2: 993 daAuts
